 Dungeon Crawl Stone Soup version 0.23-a0-473-gc8aadda88e (webtiles) character file.

179 Hebeqt the Sneak (level 5, -1/24 HPs)
             Began as a Spriggan Enchanter on Nov 28, 2018.
             Killed from afar by an orc wizard (6 damage)
             ... with a magic dart
             ... on level 4 of the Dungeon.
             The game lasted 00:28:17 (5290 turns).

Hebeqt the Sneak (Spriggan Enchanter)               Turns: 5290, Time: 00:28:18

Health: -1/24      AC:  2    Str:  4    XL:     5   Next: 33%
Magic:  2/10       EV: 18    Int: 17    God:
Gold:   78         SH:  0    Dex: 17    Spells: 7/9 levels left

rFire    . . .     SeeInvis +   a - +1 dagger
rCold    . . .     Gourm    .   (shield restricted)
rNeg     . . .     Faith    .   b - +0 robe
rPois    .         Spirit   .   (helmet restricted)
rElec    .         Reflect  .   (no cloak)
rCorr    .         Harm     .   (gloves unavailable)
MR       .....                  (boots unavailable)
Stlth    ++++......             (no amulet)
HPRegen  0.08/turn              (no ring)
MPRegen  0.12/turn              (no ring)

@: very quick
A: very small, unfitting armour, see invisible, herbivore, speed 3, slow
metabolism 2
a: no special abilities


You were on level 4 of the Dungeon.
You were not hungry.

You visited 1 branch of the dungeon, and saw 5 of its levels.

You collected 143 gold pieces.
You spent 65 gold pieces at shops.

Inventory:

Hand Weapons
 a - a +1 dagger (weapon)
Missiles
 c - 102 stones (quivered)
Armour
 b - a +0 robe (worn)
 n - a +0 cloak
Jewellery
 h - an uncursed ring of protection from magic {unknown}
 j - an uncursed amulet of the gourmand {unknown}
 q - an uncursed ring of poison resistance {unknown}
Wands
 g - a wand of enslavement (8)
Scrolls
 o - a scroll of remove curse
 p - a scroll of fear {unknown}
 r - a scroll of identify
 s - a scroll of fog {unknown}
Potions
 e - a potion of cancellation {unknown}
 f - 2 potions of invisibility
 i - a potion of heal wounds {unknown}
 k - a potion of ambrosia
 l - a potion of agility {unknown}
 m - 3 potions of lignification
 t - a potion of might {unknown}
Comestibles
 d - 5 rations


   Skills:
 + Level 3.8 Short Blades
 - Level 3.2 Dodging
 + Level 7.1 Stealth
 - Level 2.9 Spellcasting
 - Level 3.9 Hexes


You had 7 spell levels left.
You knew the following spells:

 Your Spells              Type           Power        Failure   Level  Hunger
b - Ensorcelled Hibernat  Hex/Ice        #.....       12%         2    ##.....

Your spell library contained the following spells:

 Spells                   Type           Power        Failure   Level  Hunger
 Corona                   Hex            ###....      3%          1    None
 Confuse                  Hex            ###.....     11%         3    ###....
 Tukima's Dance           Hex            ###.....     11%         3    ###....
 Dazzling Spray           Conj/Hex       #.....       24%         3    ###....


Dungeon Overview and Level Annotations

Branches:
Dungeon (5/15)
 Temple: D:4-7

Altars:
Ashenzari
Cheibriados
Dithmenos
Gozag
Ru
Sif Muna

Shops:
D:4 %


Innate Abilities, Weirdness & Mutations

You are very small and have problems with some larger weapons.
You are too small for most types of armour.
You have supernaturally acute eyesight. (SInv)
You are a herbivore.
You cover ground extremely quickly.
You need to consume almost no food.


Message History

The magic dart hits you!
* * * LOW HITPOINT WARNING * * *
Casting: Ensorcelled Hibernation (safe; 12% risk of failure)
Confirm with . or Enter, or press ? or * to list all spells.
Aiming: Ensorcelled Hibernation (safe; 12% risk of failure)
Press: ? - help, Shift-Dir - straight line, f/p - orc wizard
Aim: an orc wizard, wielding a +0 dagger and wearing a +0 robe (lightly The orc wizard is unaffected.
Unknown command.
The orc wizard gestures wildly while chanting.
The orc wizard blinks!
The orc wizard closely misses you.
Casting: Ensorcelled Hibernation (safe; 12% risk of failure)
Confirm with . or Enter, or press ? or * to list all spells.
Aiming: Ensorcelled Hibernation (safe; 12% risk of failure)
Press: ? - help, Shift-Dir - straight line, f - you, p - orc wizard
Okay, then.
The orc wizard gestures at you while chanting.
The magic dart hits you!
You die...

##............# #......##
##..........#########..Z.....
#.##..................#####.
#.#.............ยง#######....
#.............#### #?..o
##............# #....
#..........o## ####.
##..........# #Z
####.......@## #.
##.).........## ##
#..#..........# #
#.............#
####..........# #..........#
#..........# ##........##
##......##


You could see an orc wizard.

Vanquished Creatures
  Ijyb (D:3)
  Terence (D:2)
  6 adders
  A worm (D:2)
  3 dart slugs
  2 orcs (D:3)
  5 giant cockroaches
  9 goblins
  3 hobgoblins (D:2)
  6 jackals
  3 quokkas
  2 ball pythons
  10 bats
  5 frilled lizards
  5 kobolds
  5 rats
67 creatures vanquished.

Notes
Turn   | Place    | Note
-------+----------+-------------------------------------------
     0 | D:1      | Hebeqt the Spriggan Enchanter began the quest for the Orb.
     0 | D:1      | Reached XP level 1. HP: 9/9 MP: 5/5
   441 | D:1      | Reached XP level 2. HP: 12/13 MP: 6/6
  1023 | D:2      | Reached skill level 5 in Stealth
  1150 | D:2      | Learned a level 2 spell: Ensorcelled Hibernation
  1168 | D:2      | Found an opulent altar of Gozag.
  1172 | D:2      | Reached XP level 3. HP: 16/16 MP: 5/8
  1452 | D:2      | Noticed Terence
  1484 | D:2      | Killed Terence
  1549 | D:2      | Reached skill level 6 in Stealth
  1549 | D:2      | Reached XP level 4. HP: 21/21 MP: 0/9
  1762 | D:2      | Found a shattered altar of Ashenzari.
  1764 | D:2      | Found a shadowy altar of Dithmenos.
  2050 | D:2      | Found a deep blue altar of Sif Muna.
  2052 | D:2      | Found a sacrificial altar of Ru.
  3747 | D:3      | Noticed Ijyb
  3864 | D:3      | Killed Ijyb
  3864 | D:3      | Reached skill level 7 in Stealth
  3864 | D:3      | Reached XP level 5. HP: 24/24 MP: 10/10
  4452 | D:4      | Found a snail-covered altar of Cheibriados.
  4459 | D:5      | Entered Level 5 of the Dungeon
  5124 | D:4      | Found Qunyut's Food Boutique.
  5129 | D:4      | Bought a ration for 65 gold pieces
  5290 | D:4      | Killed from afar by an orc wizard

Vault maps used:
D:1:      minmay_arrival_shattered_statue
D:2:      lemuel_crystal_altar, nicolae_overflow_hidden_temple, minivault_14,
          uniq_terence
D:3:      uniq_ijyb
D:4:      overflow_temple_1_default, serial_shops, shop
D:5:      temple_hall, first_ration

Skill      XL: |  1  2  3  4 |
---------------+-------------+-----
Stealth        | 5 6 7 |  7.1
Short Blades   | 2 3 |  3.8
Dodging        | |  3.2
Spellcasting   | |  2.9
Hexes          | |  3.9

Action                   |  1- 3 |  4- 6 || total
-------------------------+-------+-------++-------
Melee: Dagger            |   115 |   121 ||   236
Throw: Stone             |     9 |       ||     9
 Cast: Ensorcelled Hiber |    14 |    37 ||    51
Evoke: Wand              |       |    14 ||    14
  Use: Scroll            |       |     6 ||     6
 Stab: Sleeping          |    17 |    22 ||    39
       Distracted        |     1 |       ||     1
  Eat: Ration            |       |     3 ||     3
Armor: Robe              |    18 |     8 ||    26
Dodge: Dodged            |    96 |    80 ||   176

Table legend:
 A = Non-vault XP
 B = Vault XP
 C = Vault XP percentage of total XP
 D = Non-vault monster count
 E = Vault monster count
 F = Vault count percentage of total count
                 A         B        C        D         E       F
            +---------+---------+-------+---------+---------+-------
      Total |     182 |      75 |  29.2 |      65 |       2 |   3.0
            +---------+---------+-------+---------+---------+-------
        D:1 |      25 |       0 |   0.0 |      17 |       0 |   0.0
        D:2 |      97 |      36 |  27.1 |      29 |       1 |   3.3
        D:3 |      57 |      39 |  40.6 |      17 |       1 |   5.6
        D:4 |       3 |       0 |   0.0 |       2 |       0 |   0.0
            +---------+---------+-------+---------+---------+-------
